 Dungeon Crawl Stone Soup version 0.30.1 (webtiles) character file.

Game seed: 12001816076408596810

53 Bnni the Chopper (level 3, -1/34 HPs)
             Began as a Hill Orc Monk on July 7, 2023.
             Was a Priest of Beogh.
             Slain by Natasha (7 damage)
             ... on level 2 of the Dungeon.
             The game lasted 00:01:21 (800 turns).

Bnni the Chopper (Hill Orc Monk)                     Turns: 800, Time: 00:01:21

Health: -1/34      AC:  5    Str: 15    XL:     3   Next: 87%
Magic:  3/3        EV: 11    Int: 10    God:    Beogh [***...]
Gold:   61         SH:  0    Dex: 13    Spells: 2/2 levels left

rFire   . . .        a - +0 hand axe
rCold   . . .        d - orb {light}
rNeg    . . .        j - +0 ring mail
rPois   .            (no helmet)
rElec   .            (no cloak)
rCorr   .            (no gloves)
SInv    .            (no boots)
Will    .....        (no amulet)
Stlth   +            (no ring)
HPRegen 0.25/turn    (no ring)
MPRegen 0.08/turn

%: no passive effects
@: glowing
A: no striking features
a: Renounce Religion, Smiting


You were on level 2 of the Dungeon.
You worshipped Beogh.
Beogh was most pleased with you.
You visited 1 branch of the dungeon, and saw 2 of its levels.

You collected 61 gold pieces.

Inventory:

Hand Weapons
 a - a +0 hand axe (weapon)
Armour
 d - an orb of light (worn)
 j - a +0 ring mail (worn)
Scrolls
 f - a scroll of immolation
 g - a scroll of blinking {unknown}
Potions
 b - a potion of lignification {unknown}
 c - a potion of ambrosia
 e - a potion of flight {unknown}
 h - 2 potions of curing {unknown}
 i - a potion of heal wounds {unknown}


   Skills:
 + Level 4.3 Fighting
 * Level 5.6 Axes
 - Level 2.4 Dodging


You had 2 spell levels left.
You didn't know any spells.
Your spell library was empty.

Dungeon Overview and Level Annotations

Branches:
Dungeon (2/15)

Altars:
Beogh

Shops:
D:1 ?

Annotations:
D:2 Natasha


Message History

You barely miss Natasha.
Natasha stares at you and mumbles some strange words.
The magic dart hits you.
You barely miss Natasha.
Natasha drinks a potion.
Natasha flickers and vanishes for a moment.
You barely miss Natasha. Natasha claws you but does no damage.
You hit Natasha.
Natasha is moderately wounded.
Natasha claws you.
You hit Natasha but do no damage.
Natasha is moderately wounded.
Natasha wildly gestures.
Natasha shimmers violently.
Natasha stares at you and mumbles some strange words.
The magic dart hits you but does no damage.
You hit Natasha but do no damage.
Natasha is moderately wounded.
Natasha claws you.
You are too injured to fight recklessly!
You hit Natasha.
Natasha is heavily wounded.
Natasha claws you.
* * * LOW HITPOINT WARNING * * *
You barely miss Natasha.
Natasha is heavily wounded.
Natasha claws you.
* * * LOW HITPOINT WARNING * * *
You hit Natasha.
Natasha is heavily wounded.
Natasha claws you but does no damage.
You hit Natasha but do no damage.
Natasha is heavily wounded.
Natasha claws you but does no damage. Natasha barely misses you.
You hit Natasha.
Natasha is severely wounded.
Natasha claws you but does no damage.
You hit Natasha.
Natasha is almost dead.
Natasha claws you!
You die...

######.# #.#
######### #†#
#.....$?. #.#####
#........ #.....#
#...>...
#.###.#####.....##
#.# #.............
..###.....†...#
##..........@#.#
###.#######.h...#
... #..#.## ....
#.## .# ##.. .##
.. .. # .# .


You could see Natasha (invisible).

Vanquished Creatures
  Natasha (D:2)
  A dart slug (D:1)
  5 ball pythons (D:1)
  An endoplasm (D:1)
  3 goblins (D:1)
  2 hobgoblins (D:1)
  A quokka (D:2)
  2 bats (D:1)
  3 frilled lizards
  3 kobolds (D:1)
  4 rats (D:1)
26 creatures vanquished.

Notes
Turn   | Place    | Note
-------+----------+-------------------------------------------
     0 | D:1      | Bnni the Hill Orc Monk began the quest for the Orb.
     0 | D:1      | Reached XP level 1. HP: 19/19 MP: 1/1
    31 | D:1      | Found a faded altar of an unknown god.
    71 | D:1      | Prayed at the altar of an unknown god.
    71 | D:1      | Became a worshipper of Beogh the Brigand
    71 | D:1      | Reached * piety under Beogh
    71 | D:1      | Reached ** piety under Beogh
   121 | D:1      | Reached XP level 2. HP: 27/27 MP: 2/2
   175 | D:1      | Reached *** piety under Beogh
   309 | D:1      | Reached skill level 5 in Axes
   344 | D:1      | Reached XP level 3. HP: 33/33 MP: 3/3
   344 | D:1      | Found Yxkufyni's Magic Scroll Boutique.
   765 | D:2      | Noticed Natasha
   775 | D:2      | Killed Natasha
   785 | D:2      | Noticed Natasha
   800 | D:2      | Slain by Natasha

Illustrated notes

Levels and vault maps discovered:
D:1:      ncdulo_smallfort, layout_rooms, hellmonk_ecumenical_altar_blasted,
          serial_shops, shop, columned_hall_lemuel, minmay_misc_feat_square,
          chequers_serial_rivers_large_b
D:2:      layout_loops_ring, amcnicky_mini_pool_small, minmay_statues_item,
          uniq_natasha, uniq_terence

Skill      XL: |  1  2 |
---------------+-------+-----
Fighting       | 4 |  4.3
Axes           | 5 |  5.6
Dodging        | |  2.4

Action                     || total
---------------------------++-------
  Melee: Hand axe          ||    73
 Armour: Robe              ||     5
         Leather armour    ||    12
         Ring mail         ||     6
  Dodge: Dodged            ||    41
